 Dungeon Crawl Stone Soup version 0.31-a0-222-gefeffbb62a (webtiles) character file.

Game seed: 11464272428645055073

146 qw the Shooter (level 5, -16/30 HPs)
             Began as a Gargoyle Hexslinger on July 4, 2023.
             Was an Initiate of Okawaru.
             Demolished by an ogre
             ... wielding a +0 giant club
              (27 damage)
             ... on level 4 of the Dungeon.
             The game lasted 00:01:03 (2295 turns).

qw the Shooter (Gargoyle Hexslinger)                Turns: 2295, Time: 00:01:03

Health: -16/30     AC: 11    Str: 12    XL:     5   Next: 28%
Magic:  6/6        EV: 10    Int: 13    God:    Okawaru [......]
Gold:   220        SH:  0    Dex: 14    Spells: 5/6 levels left

rFire   . . .        Y - +2 sling
rCold   . . .        (no shield)
rNeg    + . .        g - +0 ring mail
rPois   inf          (no helmet)
rElec   +            e - +0 cloak
rCorr   .            d - +0 pair of gloves
SInv    .            (no boots)
Will    .....        (no amulet)
Stlth   +            (no ring)
HPRegen 0.25/turn    (no ring)
MPRegen 0.10/turn

%: no passive effects
@: no status effects
A: sickness immunity, AC +4, negative energy resistance 1, electricity
resistance, torment resistance 1, petrification resistance
a: Renounce Religion


You were on level 4 of the Dungeon.
You worshipped Okawaru.
Okawaru was noncommittal.
You visited 1 branch of the dungeon, and saw 4 of its levels.

You collected 220 gold pieces.


Innate Abilities, Weirdness & Mutations

You are immune to sickness and miasma.
Your stone body is resilient. (AC +4)
You are immune to poison.
You resist negative energy. (rN+)
You are resistant to electric shocks. (rElec)
You are resistant to unholy torment.
You are immune to petrification.


   Skills:
 - Level 2.0 Fighting
 + Level 4.8 Ranged Weapons
 - Level 1.2 Armour
 - Level 1.5 Dodging
 - Level 1.0 Spellcasting
 - Level 2.6 Hexes


You had 5 spell levels left.
You knew the following spells:

 Your Spells              Type           Power      Damage    Failure   Level
a - Slow                  Hex            28%        N/A       22%         1

Your spell library contained the following spells:

 Spells                   Type           Power      Damage    Failure   Level
 Inner Flame              Hex/Fire       4%         N/A       73%         3
 Portal Projectile        Hex/Tloc       8%         N/A       73%         3
 Cause Fear               Hex            3%         N/A       91%         4

Inventory:

Hand Weapons
 Y - a +2 sling (weapon)
Armour
 d - a +0 pair of gloves (worn)
 e - a +0 cloak (worn)
 g - a +0 ring mail (worn)
Wands
 c - a wand of digging (4)
Scrolls
 l - a scroll of identify
Potions
 a - a potion of might {unknown}
 b - a potion of magic {unknown}
 f - 3 potions of enlightenment
 h - a potion of mutation {unknown}
 i - a potion of lignification {unknown}
 j - a potion of curing {unknown}
 k - a potion of berserk rage {unknown}

Dungeon Overview and Level Annotations

Branches:
Dungeon (4/15)
 Temple: D:4-7

Altars:
Okawaru
Xom


Message History

You shoot a sling bullet.
The sling bullet hits the kobold but does no damage.
The kobold hits you but does no damage. The kobold barely misses you.
You shoot a sling bullet.
The sling bullet barely misses the kobold.
The kobold hits you but does no damage.
You shoot a sling bullet.
The sling bullet barely misses the kobold.
The kobold barely misses you.
You shoot a sling bullet.
The sling bullet closely misses the kobold.
The kobold completely misses you.
You shoot a sling bullet. The sling bullet hits the kobold.
You kill the kobold!
Okawaru accepts your kill.
Things that are here:
a +0 short sword; 4 stones
l - a scroll of identify You open the door.
There is an open door here.
You open the door.
There is an open door here.
An ogre comes into view. It is wielding a +0 giant club.
The ogre shouts!
Enter note:
Enter note: You shoot a sling bullet.
The sling bullet hits the ogre.
The ogre is lightly wounded.
You shoot a sling bullet. The sling bullet hits the ogre.
The ogre is lightly wounded.
The ogre hits you with a +0 giant club!
Ouch! That really hurt!
You shoot a sling bullet. The sling bullet hits the ogre.
The ogre is moderately wounded.
The ogre hits you with a +0 giant club.
You shoot a sling bullet. The sling bullet hits the ogre.
The ogre is moderately wounded.
The ogre hits you with a +0 giant club!!
Ouch! That really hurt!
You die...

#.........# ..
######.#### #. #.# #.
#.# #. #.# # #. ####.#
## # #. ##.##.###.
#...##O########...#.##..
.......@.............'..
#...###########...#.##..
# #..........###.
#.#######..# ## #.#
#####..# # #.#
#......#### #.#
#.###......
#.###.###..####
#........%.....


You could see an ogre.

Vanquished Creatures
  Jessica (D:2)
  5 adders
  3 worms
  A dart slug (D:2)
  An orc (D:3)
  10 ball pythons
  5 endoplasms
  4 giant cockroaches
  4 goblins
  7 hobgoblins
  3 jackals (D:2)
  4 quokkas
  3 bats
  A frilled lizard (D:2)
  3 kobolds
  4 rats
59 creatures vanquished.

Notes
Turn   | Place    | Note
-------+----------+-------------------------------------------
     0 | D:1      | qw the Gargoyle Hexslinger began the quest for the Orb.
     0 | D:1      | Reached XP level 1. HP: 12/12 MP: 2/2
     0 | D:1      | 0 ||| qw: Version: 0.3-a-46-gb1f654a
     0 | D:1      | 0 ||| qw: Game counter: 918
     0 | D:1      | 0 ||| qw: Melee chars always use a shield: true
     0 | D:1      | 0 ||| qw: God list: Okawaru
     0 | D:1      | 0 ||| qw: Allow faded altars: false
     0 | D:1      | 0 ||| qw: Do Orc after clearing Dungeon:15 true
     0 | D:1      | 0 ||| qw: Do second Lair branch before Depths: true
     0 | D:1      | 0 ||| qw: Lair rune preference: random
     0 | D:1      | 0 ||| qw: Goals: Normal
     0 | D:1      | 0 ||| PLANNING D:1-11
   318 | D:1      | Reached XP level 2. HP: 16/16 MP: 3/3
   402 | D:1      | Reached skill level 3 in Ranged Weapons
   685 | D:1      | 685 ||| UPGRADING to +0 pair of gloves.
   690 | D:1      | 690 ||| UPGRADING to +0 leather armour.
   700 | D:1      | 700 ||| DROPPING +0 robe.
   701 | D:1      | 701 ||| UPGRADING to +0 ring mail.
   711 | D:1      | 711 ||| DROPPING +0 leather armour.
   712 | D:1      | 712 ||| READING scroll labelled ETOOGO APNAESS.
   713 | D:1      | 713 ||| READING scroll labelled ETIRPH RAYFUIBB.
   714 | D:1      | 714 ||| DRINKING 2 metallic green potions.
   715 | D:1      | 715 ||| DROPPING scroll of poison.
   760 | D:2      | Reached XP level 3. HP: 21/21 MP: 4/4
   794 | D:2      | Reached skill level 1 in Armour
   832 | D:2      | Noticed Jessica
   839 | D:2      | Killed Jessica
   840 | D:2      | Reached XP level 4. HP: 26/26 MP: 5/5
   937 | D:2      | Reached skill level 4 in Ranged Weapons
  1363 | D:2      | 1363 ||| READING scroll labelled YJESTU ZYEM.
  1364 | D:2      | 1364 ||| DRINKING 2 bubbling dark potions.
  1365 | D:2      | 1365 ||| DROPPING potion of brilliance.
  1415 | D:3      | Reached XP level 5. HP: 28/30 MP: 6/6
  1642 | D:3      | Found an iron altar of Okawaru.
  1643 | D:3      | 1643 ||| PLANNING OKAWARU WORSHIP
  1716 | D:3      | Found a shimmering altar of Xom.
  1905 | D:3      | 1905 ||| UPGRADING to +0 cloak.
  1949 | D:3      | Became a worshipper of Warmaster Okawaru
  1950 | D:3      | 1950 ||| PLANNING D:1-11
  2291 | D:4      | Noticed an ogre
  2295 | D:4      | Demolished by an ogre

Levels and vault maps discovered:
D:1:      tarquinn_simple_flora_water_a, layout_loops_cross
D:2:      layout_loops_ring, uniq_jessica
D:3:      layout_loops_ring, mainiacjoe_overflow_concentric_impassable,
          mainiacjoe_overflow_alcove_1, guppyfry_early_lair_pool
D:4:      layout_loops_corners, uniq_edmund, uniq_menkaure

Skill      XL: |  1  2  3  4 |
---------------+-------------+-----
Ranged Weapons | 3 4 |  4.8
Fighting       | 2 |  2.0
Armour         | 1 |  1.2
Dodging        | |  1.5
Spellcasting   | |  1.0
Hexes          | |  2.6

Action                     |  1- 3 |  4- 6 || total
---------------------------+-------+-------++-------
   Fire: Sling             |   130 |   145 ||   275
    Use: Scroll            |     2 |     1 ||     3
         Potion            |     1 |     1 ||     2
 Armour: Robe              |    12 |       ||    12
         Ring mail         |    20 |    45 ||    65
  Dodge: Dodged            |    49 |    55 ||   104

Table legend:
 A = Non-vault XP
 B = Vault XP
 C = Vault XP percentage of total XP
 D = Non-vault monster count
 E = Vault monster count
 F = Vault count percentage of total count
                 A         B        C        D         E       F
            +---------+---------+-------+---------+---------+-------
      Total |     172 |      37 |  17.7 |      58 |       1 |   1.7
            +---------+---------+-------+---------+---------+-------
        D:1 |      32 |       0 |   0.0 |      18 |       0 |   0.0
        D:2 |      93 |      37 |  28.5 |      24 |       1 |   4.0
        D:3 |      41 |       0 |   0.0 |      14 |       0 |   0.0
        D:4 |       6 |       0 |   0.0 |       2 |       0 |   0.0
            +---------+---------+-------+---------+---------+-------
